 Dungeon Crawl Stone Soup version 0.26.0-18-gc5c842f807 (webtiles) character file.

Game seed: 17373688491646689593

72 kaeus the Firebug (level 4, 0/24 HPs)
             Began as a Gargoyle Fire Elementalist on Jan 23, 2021.
             Slain by an adder (3 damage)
             ... on level 3 of the Dungeon.
             The game lasted 00:03:31 (3024 turns).

kaeus the Firebug (Gargoyle Fire Elementalist)      Turns: 3024, Time: 00:03:32

Health: 0/24       AC:  6    Str: 11    XL:     4   Next: 25%
Magic:  6/7        EV: 11    Int: 17    God:
Gold:   112        SH:  0    Dex: 10    Spells: 7/8 levels left

rFire    + . .     SeeInvis .   b - +0 hand axe
rCold    x . .     Faith    .   (no shield)
rNeg     + . .     Spirit   .   l - +0 leather armour
rPois    ∞         Reflect  .   (no helmet)
rElec    +         Harm     .   (no cloak)
rCorr    .         Rampage  .   (no gloves)
Will     .....                  (no boots)
Stlth    ++........             (no amulet)
HPRegen  0.08/turn              g - ring of fire
MPRegen  0.10/turn              (no ring)

@: no status effects
A: negative energy resistance 1, electricity resistance, unbreathing,
petrification resistance, miasma immunity, AC +3
a: no special abilities


You were on level 3 of the Dungeon.
You visited 1 branch of the dungeon, and saw 3 of its levels.

You collected 112 gold pieces.

Inventory:

Hand Weapons
 b - a +0 hand axe (weapon)
Armour
 l - a +0 leather armour (worn)
Magical Staves
 k - an uncursed staff of death
Jewellery
 g - a ring of fire (left hand)
Scrolls
 a - a scroll of amnesia {unknown}
 d - 3 scrolls of identify
 f - a scroll of immolation {unknown}
 i - 2 scrolls of teleportation
Potions
 c - 3 potions of cancellation {unknown}
 e - a potion of mutation {unknown}
 h - 2 potions of curing {unknown}


   Skills:
 - Level 1.5 Dodging
 - Level 2.1 Stealth
 + Level 2.6 Spellcasting
 + Level 2.2 Conjurations
 * Level 4.1 Fire Magic


You had 7 spell levels left.
You knew the following spells:

 Your Spells              Type           Power        Failure   Level
a - Foxfire               Conj/Fire      76%          6%          1

Your spell library contained the following spells:

 Spells                   Type           Power        Failure   Level
 Conjure Flame            Conj/Fire      19%          19%         3
 Inner Flame              Hex/Fire       13%          30%         3
 Sticky Flame             Conj/Fire      19%          54%         4
 Fireball                 Conj/Fire      9%           87%         5


Dungeon Overview and Level Annotations

Branches:
Dungeon (3/15)

Altars:
Ashenzari
Hepliaklqana


Innate Abilities, Weirdness & Mutations

You are resistant to torment.
Your stone body is resilient. (AC +3)
You are immune to poison.
You resist negative energy. (rN+)
You are resistant to electric shocks. (rElec)
You can survive without breathing.
You are immune to petrification.
You are immune to miasma.


Message History

You take 4 damage, and have 3/24 hp.
You now have 4/7 mp.
Your foxfire dissipates!
The foxfire hits the adder.
The adder is severely wounded.
The adder closely misses you. The orc hits you but does no damage.
The adder barely misses you. The orc closely misses you.
The bat closely misses you. The bat hits you.
* * * LOW HITPOINT WARNING * * *
You take 1 damage, and have 3/24 hp.
The bat hits you but does no damage. The bat closely misses you.
The adder barely misses you. The bat completely misses you.
The bat hits you but does no damage.
You see here a bat corpse.
The adder closely misses you.
There is a stone staircase leading up here.
The bat hits you but does no damage. The adder bites you.
You die...

########........
...............
#######........
###........
##..........
##...........
#..o.........
#..S.........
#..@b........
#............
#....).......
##...........
##.....#....
###########


You could see an adder, an orc and a bat.

Vanquished Creatures
  An adder (D:2)
  An ooze (D:1)
  3 worms
  2 dart slugs
  A leopard gecko (D:1)
  3 giant cockroaches
  5 goblins
  6 hobgoblins
  3 jackals (D:1)
  5 kobolds
  A quokka (D:3)
  4 bats
  2 frilled lizards (D:1)
  6 rats
43 creatures vanquished.

Vanquished Creatures (others)
  136 foxfires
136 creatures vanquished.

Grand Total: 179 creatures vanquished

Notes
Turn   | Place    | Note
-------+----------+-------------------------------------------
     0 | D:1      | kaeus the Gargoyle Fire Elementalist began the quest for
                  | the Orb.
     0 | D:1      | Reached XP level 1. HP: 10/10 MP: 3/3
   120 | D:1      | Reached XP level 2. HP: 2/15 MP: 0/5
   684 | D:1      | Reached XP level 3. HP: 19/19 MP: 0/6
  1855 | D:2      | Found a hazy altar of Hepliaklqana.
  1856 | D:2      | Found a broken altar of Ashenzari.
  2355 | D:2      | Reached skill level 4 in Fire Magic
  2355 | D:2      | Reached XP level 4. HP: 24/24 MP: 4/7
  3024 | D:3      | Slain by an adder

Illustrated notes

Levels and vault maps discovered:
D:1:      minmay_arrival_stair_chambers, layout_basic, minivault_4
D:2:      layout_loops_ring, gammafunk_temple_overflow_pools
D:3:      layout_rooms, dancing_weapons_uskayaw, general_overflow_altar,
          minmay_misc_feat_roman, uniq_terence

Skill      XL: |  1  2  3 |
---------------+----------+-----
Conjurations   | 2 |  2.2
Fire Magic     | 4 |  4.1
Dodging        | |  1.5
Stealth        | |  2.1
Spellcasting   | |  2.6

Action                   |  1- 3 |  4- 6 || total
-------------------------+-------+-------++-------
Melee: Unarmed           |    25 |       ||    25
       Hand axe          |    39 |    16 ||    55
 Cast: Foxfire           |    74 |    23 ||    97
  Use: Scroll            |     3 |       ||     3
Armor: Robe              |    11 |       ||    11
       Leather armour    |       |     8 ||     8
Dodge: Dodged            |    46 |    17 ||    63
